 Dungeon Crawl Stone Soup version 0.28-a0-1348-g050f3537b9 (webtiles) character file.

Game seed: 4111188501293431075

50 Glokmah the Charlatan (level 3, 0/29 HPs)
             Began as a Hill Orc Artificer on Dec 30, 2021.
             Was a Follower of Elyvilon.
             Slain by a hound (4 damage)
             ... on level 1 of the Dungeon.
             The game lasted 00:02:11 (1937 turns).

Glokmah the Charlatan (Hill Orc Artificer)          Turns: 1937, Time: 00:02:12

Health: 0/29       AC:  3    Str: 16    XL:     3   Next: 79%
Magic:  3/3        EV: 11    Int: 11    God:    Elyvilon [*.....]
Gold:   69         SH:  0    Dex: 11    Spells: 2/2 levels left

rFire   . . .      SeeInvis .   h - +0 hand axe
rCold   . . .      Faith    .   (no shield)
rNeg    . . .      Spirit   .   b - +0 leather armour
rPois   .          Reflect  .   (no helmet)
rElec   .          Harm     .   (no cloak)
rCorr   .          Rampage  .   (no gloves)
Will    .....                   (no boots)
Stlth   +.........              j - amulet of magic regeneration
HPRegen 0.09/turn               (no ring)
MPRegen 0.48/turn               (no ring)

@: no status effects
A: no striking features
a: Renounce Religion, Purification


You were on level 1 of the Dungeon.
You worshipped Elyvilon.
Elyvilon was aware of your devotion.
You visited 1 branch of the dungeon, and saw 2 of its levels.

You collected 69 gold pieces.

Inventory:

Hand Weapons
 a - a +0 club
 h - a +0 hand axe (weapon)
Missiles
 k - 33 poisoned darts
Armour
 b - a +0 leather armour (worn)
Jewellery
 j - an amulet of magic regeneration (around neck)
Wands
 c - a wand of flame (15) (quivered)
 d - a wand of charming (15)
Scrolls
 f - a scroll of noise {unknown}
 g - 3 scrolls of identify {unknown}
 i - a scroll of magic mapping {unknown}
Potions
 l - a potion of heal wounds {unknown}
Miscellaneous
 e - a piece from Xom's chessboard (15/15)


   Skills:
 + Level 2.2 Fighting
 * Level 3.0 Axes
 - Level 2.1 Armour
 - Level 0.7 Dodging
 - Level 0.7 Stealth
 + Level 0.6 Invocations
 + Level 3.4 Evocations


You had 2 spell levels left.
You didn't know any spells.
Your spell library was empty.

Dungeon Overview and Level Annotations

Branches:
Dungeon (2/15)

Altars:
Cheibriados
Elyvilon

Shops:
D:1 =   D:2 *


Message History

Found 12 gold pieces.
The hound barks!
The goblin shouts!
The hound pauses to sniff the ground.
The hound closely misses you. The hound bites you but does no damage.
There is a stone staircase leading up here.
The hound closely misses you. x2
You climb upwards.
There is a stone staircase leading down here.
You hit the hound.
The hound is heavily wounded.
The hound barely misses you. The hound bites you.
You barely miss the hound.
The hound is heavily wounded.
The hound closely misses you.
You barely miss the hound.
The hound is heavily wounded.
The hound bites you but does no damage. The hound barely misses you.
You barely miss the hound.
The hound is heavily wounded.
The hound closely misses you. The hound bites you.
You hit the hound.
The hound is almost dead.
The hound misses you.
You barely miss the hound.
The hound is almost dead.
The hound closely misses you. x2
You closely miss the hound.
The hound is almost dead.
The hound bites you but does no damage. The hound bites you.
* * * LOW HITPOINT WARNING * * *
You miss the hound.
The hound is almost dead.
The hound barely misses you. The hound bites you but does no damage.
You closely miss the hound.
The hound is almost dead.
The hound bites you.
* * * LOW HITPOINT WARNING * * *
The hound bites you.
You die...

##.##.# #.## #..##.##
##.# ##.####.# #.##
#############..# #.###.#
..)...........## ##.#.##
###............# #...#
...#)#####.###.# ####'##
##.#.#####.###.###.#...#
#.#............@h.#...#
#.#.......####.##.#.⌠.#
#.#..#########.####.8.#
#.#..........#.# #.⌠.#
#.#..#######.#.# #...#
##.#..###.###.#.# #...#
.#.#..##...##.#.# ##†##
..........÷÷....# #...#
......##...##.###
##.#.##


You could see a hound.

Vanquished Creatures
  3 dart slugs
  4 ball pythons
  2 endoplasms
  4 giant cockroaches (D:1)
  4 goblins
  7 hobgoblins
  4 jackals (D:1)
  A quokka (D:2)
  2 bats (D:1)
  3 frilled lizards
  A kobold (D:1)
  3 rats
38 creatures vanquished.

Notes
Turn   | Place    | Note
-------+----------+-------------------------------------------
     0 | D:1      | Glokmah the Hill Orc Artificer began the quest for the Orb.
     0 | D:1      | Reached XP level 1. HP: 16/16 MP: 1/1
   265 | D:1      | Reached skill level 1 in Axes
   285 | D:1      | Reached XP level 2. HP: 10/23 MP: 2/2
   752 | D:1      | Found Gienipp's Jewellery Emporium.
  1121 | D:1      | Reached XP level 3. HP: 29/29 MP: 3/3
  1215 | D:1      | Found a faded altar of an unknown god.
  1246 | D:1      | Prayed at the altar of an unknown god.
  1246 | D:1      | Became a worshipper of Elyvilon the Healer
  1246 | D:1      | Reached * piety under Elyvilon
  1777 | D:2      | Found a snail-covered altar of Cheibriados.
  1886 | D:2      | Found Orechiell's General Store.
  1937 | D:1      | Slain by a hound

Illustrated notes

Levels and vault maps discovered:
D:1:      dpeg_arrival_signposts, layout_loops_ring, serial_shops,
          nicolae_square_shop, hellmonk_ecumenical_altar_pennies_from_heaven,
          grunt_decor_clamped, minmay_tromino_v4_c
D:2:      layout_rooms, basic_altar, serial_shops, shop_statue, uniq_sigmund,
          uniq_terence, uniq_jessica

Skill      XL: |  1  2  3 |
---------------+----------+-----
Axes           | 1 2 3 |  3.0
Fighting       | 2 |  2.2
Armour         | |  2.1
Dodging        | |  0.7
Stealth        | |  0.7
Invocations    | |  0.6
Evocations     | |  3.4

Action                   || total
-------------------------++-------
Melee: Club              ||    33
       Hand axe          ||   115
Armor: Leather armour    ||    59
Dodge: Dodged            ||   123

Table legend: (Time is in decaauts)
 A = Elapsed time spent in this place.
 B = Non-inter-level travel time spent in this place.
 C = Inter-level travel time spent in this place.
 D = Time resting spent in this place.
 E = Time spent auto-exploring this place.
 F = Levels seen in this place.
 G = Mean time per level.
                   A        B        C        D        E       F      G
               +--------+--------+--------+--------+--------+-----+--------+
         Total |   1968 |   1921 |     47 |     82 |   1451 |   2 |  984.0 |
       Dungeon |   1968 |   1921 |     47 |     82 |   1451 |   2 |  984.0 |
               +--------+--------+--------+--------+--------+-----+--------+

Top non-repeatable levels by time:
     D:1: 1813 daAuts
     D:2: 154 daAuts
